 Dungeon Crawl Stone Soup version 0.13-a0-1804-g486adc7 (webtiles) character file.

123 EmilMadness the Skirmisher (level 3, -4/34 HPs)
             Began as a Minotaur Berserker on June 24, 2013.
             Was a Believer of Trog.
             Slain by Terence
             ... wielding a +0,+0 mace
              (7 damage)
             ... on Level 2 of the Dungeon.
             The game lasted 00:04:46 (921 turns).

EmilMadness the Skirmisher (Minotaur Berserker)      Turns: 921, Time: 00:04:46

HP  -4/34        AC  2     Str 21      XL: 3   Next: 87%
MP   1/1         EV 12     Int  4      God: Trog [**....]
Gold 60          SH  0     Dex 10      Spells:  0 memorised,  2 levels left

Res.Fire  : . . .   See Invis. : .   a - +0 spear {=f}
Res.Cold  : . . .   Warding    : .   b - +0 animal skin
Life Prot.: . . .   Conserve   : .   (no shield)
Res.Poison: .       Res.Corr.  : .   (helmet restricted)
Res.Elec. : .       Clarity    : .   (no cloak)
Sust.Abil.: . .     Spirit.Shd : .   (no gloves)
Res.Mut.  : .       Stasis     : .   (no boots)
Res.Rott. : .       Flight     : .   (no amulet)
Saprovore : . . .                    (no ring)
                                     (no ring)

@: mildly poisoned, not resistant to hostile enchantments, unstealthy
A: retaliatory headbutt, horns 2
a: Burn Spellbooks, Berserk, Trog's Hand, Renounce Religion


You were on level 2 of the Dungeon.
You worshipped Trog.
Trog was most pleased with you.
You were not hungry.

You visited 1 branch of the dungeon, and saw 2 of its levels.

You collected 40 gold pieces.

Inventory:

Hand weapons
 a - a +0,+0 spear (weapon) {=f}
 k - a +0,+0 hand axe (quivered)
Armour
 b - a +0 animal skin (worn)
Comestibles
 c - a bread ration
 f - 3 meat rations
 i - a lychee
Scrolls
 d - a scroll of amnesia {unknown}
 g - 3 scrolls of identify {unknown}
 j - a scroll of teleportation {unknown}
 m - a scroll of remove curse {unknown}
Potions
 e - a potion of agility {unknown}
 h - 2 potions of curing {unknown}
 l - a potion of heal wounds {unknown}


   Skills:
 + Level 5.6 Fighting
 - Level 3.6 Polearms
 - Level 2.4 Armour
 - Level 2.1 Dodging
 + Level 0.3 Stealth
 + Level 0.4 Traps


You had 2 spell levels left.
You didn't know any spells.

Dungeon Overview and Level Annotations

Branches:
Dungeon (2/27)

Altars:
Cheibriados

Annotations
D:2 Terence


Innate Abilities, Weirdness & Mutations

You reflexively headbutt those who attack you in melee.
You have a pair of horns on your head.


Message History

* * * LOW HITPOINT WARNING * * *
You hit the adder.
You kill the adder!
Trog accepts your kill.
* * * LOW HITPOINT WARNING * * *
You feel sick.
* * * LOW HITPOINT WARNING * * *
You feel sick.
Terence comes into view.
He is wielding a mace.
Terence shouts!
Terence is nearby!
You see here 18 gold pieces.
You hit Terence but do no damage. Terence closely misses you.
You barely miss Terence. You headbutt Terence.
Terence is lightly wounded.
Terence barely misses you.
You barely miss Terence.
Terence is lightly wounded.
Terence hits you with a mace!
You die...

#...# ..... #...# #...#
##...## #.....#########
#.............#
####[............####....
...............$@@.......
####.............####..#.
.................#
...................#
###................#
#................#
###.................
........)...........
###................#


You could see Terence.

Vanquished Creatures
  2 adders (D:2)
  A giant mite (D:1)
  3 bats (D:1)
  2 giant cockroaches
  4 hobgoblins
  7 kobolds (D:1)
  A giant newt (D:1)
  11 goblins (D:1)
  5 rats
36 creatures vanquished.

Vanquished Creatures (others)
  A goblin (D:1)
1 creature vanquished.

Grand Total: 37 creatures vanquished

Notes
Turn   | Place    | Note
--------------------------------------------------------------
     0 | D:1      | EmilMadness, the Minotaur Berserker, began the quest for the Orb.
     0 | D:1      | Reached XP level 1. HP: 19/19 MP: 0/0
    45 | D:1      | Found a snail-covered altar of Cheibriados.
    64 | D:1      | Reached skill level 4 in Fighting
    95 | D:1      | Reached XP level 2. HP: 19/27 MP: 0/0
   165 | D:1      | Acquired Trog's second power
   255 | D:1      | Reached XP level 3. HP: 29/33 MP: 1/1
   339 | D:1      | Reached skill level 5 in Fighting
   899 | D:2      | HP: 1/34 [poisoned by an adder]
   907 | D:2      | HP: 1/34 [poisoned by an adder]
   915 | D:2      | Noticed Terence
   921 | D:2      | Slain by Terence

Action                   || total
-------------------------++-------
Melee: Spear             ||    86
